 Dungeon Crawl Stone Soup version 0.28-a0-556-gab23d0e057 (webtiles) character file.

Game seed: 3128595684679002298

78 meatgazer the Chopper (level 4, -1/42 HPs)
             Began as a Hill Orc Monk on Sept 28, 2021.
             Succumbed to a gnoll's poison
             ... on level 3 of the Dungeon.
             The game lasted 00:02:59 (2487 turns).

meatgazer the Chopper (Hill Orc Monk)               Turns: 2487, Time: 00:03:00

Health: -1/42      AC:  5    Str: 10 (13) XL:     4   Next: 36%
Magic:  4/4        EV: 12    Int:  8 (10) God:
Gold:   81         SH:  0    Dex: 13 (14) Spells: 3/3 levels left

rFire   . . .      SeeInvis .   a - +0 hand axe
rCold   . . .      Faith    .   (no shield)
rNeg    . . .      Spirit   .   b - +0 robe
rPois   .          Reflect  .   (no helmet)
rElec   .          Harm     .   h - +2 cloak
rCorr   .          Rampage  .   (no gloves)
Will    .....                   (no boots)
Stlth   ++........              (no amulet)
HPRegen 0.14/turn               (no ring)
MPRegen 0.09/turn               (no ring)

@: lethally poisoned (-1 -> -8)
A: no striking features
a: no special abilities


You were on level 3 of the Dungeon.
You visited 1 branch of the dungeon, and saw 3 of its levels.

You collected 81 gold pieces.

Inventory:

Hand Weapons
 a - a +0 hand axe (weapon)
Armour
 b - a +0 robe (worn)
 h - a +2 cloak (worn)
Scrolls
 f - a scroll of fear
Potions
 e - 2 potions of magic


   Skills:
 + Level 5.0 Fighting
 + Level 5.5 Axes
 - Level 2.4 Dodging
 - Level 1.5 Stealth


You had 3 spell levels left.
You didn't know any spells.
Your spell library contained the following spells:

 Spells                   Type           Power      Damage    Failure   Level
 Beastly Appendage        Tmut           0%         N/A       41%         1
 Wereblood                Tmut           0%         N/A       54%         2
 Spider Form              Tmut/Pois      0%         N/A       78%         3


Dungeon Overview and Level Annotations

Branches:
Dungeon (3/15)

Altars:


Message History

Unknown command.
It was a potion of degeneration.
There was something very wrong with that liquid.
You feel weakened.
You feel dopey.
You feel clumsy.
You feel sick.
You hit the gnoll.
The gnoll is moderately wounded.
You feel sick. The gnoll misses you.
You closely miss the gnoll.
The gnoll is moderately wounded.
You feel sick. The gnoll hits you with a +0 club. x2
You hit the gnoll.
The gnoll is moderately wounded.
You feel sick. The gnoll barely misses you.
You hit the gnoll.
The gnoll is heavily wounded.
You feel sick. The gnoll hits you with a +0 club.
* * * LOW HITPOINT WARNING * * *
You hit the gnoll.
You kill the gnoll!
You feel sick.
The kobold throws a stone.
The stone hits you but does no damage.
Your Fighting skill increases to level 5!
You feel sick.
You are no longer poisoned.
The gnoll barely misses you. The kobold barely misses you.
You see here a +0 club.
You hit the kobold.
The kobold is moderately wounded.
The gnoll hits you from afar with a +1 halberd of venom.
* * * LOW HITPOINT WARNING * * *
You are lethally poisoned!
The kobold barely misses you.
You closely miss the kobold.
The kobold is moderately wounded.
* * * LOW HITPOINT WARNING * * *
You feel sick. The gnoll misses you. The kobold misses you.
You hit the kobold.
You kill the kobold!
You die...

#.# #รท# #.# #.# #.#
#.# #.# #.#
#.###.####.###.#
#...........(..#
#####.####.#########
#.# #.# ##.##. #.#
#.# #.....
######.####.####.....
#gg)@.....#......#...
#.g######.######.....
#.. # ##.##. #g.
#..._ #.. #..## #..
#..# #.# ######..# #.
#.......## #.####...#


You could see 3 gnolls.

Vanquished Creatures
  A gnoll (D:3)
  3 adders
  3 dart slugs
  4 ball pythons
  5 giant cockroaches
  4 goblins
  3 hobgoblins
  2 quokkas
  2 frilled lizards
  4 kobolds
  5 rats
36 creatures vanquished.

Notes
Turn   | Place    | Note
-------+----------+-------------------------------------------
     0 | D:1      | meatgazer the Hill Orc Monk began the quest for the Orb.
     0 | D:1      | Reached XP level 1. HP: 19/19 MP: 1/1
   470 | D:1      | Reached XP level 2. HP: 20/27 MP: 2/2
   940 | D:2      | Reached XP level 3. HP: 34/34 MP: 3/3
  1451 | D:2      | Reached skill level 5 in Axes
  2206 | D:3      | Reached XP level 4. HP: 39/41 MP: 4/4
  2259 | D:3      | Found a faded altar of an unknown god.
  2484 | D:3      | Reached skill level 5 in Fighting
  2486 | D:3      | HP: 1/42 [poisoned by a gnoll]
  2487 | D:3      | Succumbed to a gnoll's poison

Illustrated notes

Levels and vault maps discovered:
D:1:      dpeg_arrival_arbitrary_a, layout_basic
D:2:      layout_loops_corners
D:3:      minmay_angry_zag, layout_loops_ring, mainiacjoe_overflow_alcove_3,
          basic_ecumenical_altar

Skill      XL: |  1  2  3  4 |
---------------+-------------+-----
Fighting       | 4 5 |  5.0
Axes           | 5 |  5.5
Dodging        | |  2.4
Stealth        | |  1.5

Action                   |  1- 3 |  4- 6 || total
-------------------------+-------+-------++-------
Melee: Hand axe          |   118 |    32 ||   150
  Use: Scroll            |     4 |       ||     4
       Potion            |     3 |     1 ||     4
 Stab: Sleeping          |     6 |       ||     6
Armor: Robe              |    14 |    10 ||    24
Dodge: Dodged            |    75 |    20 ||    95

Table legend: (Time is in decaauts)
 A = Elapsed time spent in this place.
 B = Non-inter-level travel time spent in this place.
 C = Inter-level travel time spent in this place.
 D = Time resting spent in this place.
 E = Time spent auto-exploring this place.
 F = Levels seen in this place.
 G = Mean time per level.
                   A        B        C        D        E       F      G
               +--------+--------+--------+--------+--------+-----+--------+
         Total |   2493 |   2408 |     85 |    214 |   1863 |   3 |  831.0 |
       Dungeon |   2493 |   2408 |     85 |    214 |   1863 |   3 |  831.0 |
               +--------+--------+--------+--------+--------+-----+--------+

Top non-repeatable levels by time:
     D:2: 1488 daAuts
     D:1: 704 daAuts
     D:3: 300 daAuts
